 Dungeon Crawl Stone Soup version 0.20-a0-853-gabbfcfc (webtiles) character file.

146 M4edhros the Magician (level 5, 0/35 HPs)
             Began as a Formicid Air Elementalist on Mar 11, 2017.
             Succumbed to a worker ant's poison
             ... on level 3 of the Dungeon.
             The game lasted 00:04:57 (1637 turns).

M4edhros the Magician (Formicid Air Elementalist)   Turns: 1637, Time: 00:04:57

Health: 0/35       AC:  3    Str: 12 (13) XL:     5   Next: 53%
Magic:  10/10      EV: 12    Int: 14      God:
Gold:   48         SH:  0    Dex: 11 (12) Spells: 10/11 levels left

rFire    . . .     SeeInvis +   h - +0 short sword
rCold    . . .     Gourm    .   a - +0 robe
rNeg     . . .     Faith    .   (no shield)
rPois    .         Spirit   .   (helmet unavailable)
rElec    .         Reflect  .   (no cloak)
rCorr    .         Harm     .   (no gloves)
MR       .....                  d - +0 pair of boots
Stlth    ++........             (no amulet)
Regen    0.2/turn               (no ring)
MPRegen  0.2/turn               (no ring)

@: lethally poisoned (0 -> -1), flying
A: permanent stasis, dig shafts and tunnels, four strong arms, antennae 3
a: Dig, Shaft Self


You were on level 3 of the Dungeon.
You were hungry.

You visited 1 branch of the dungeon, and saw 4 of its levels.

You collected 48 gold pieces.

Inventory:

Hand Weapons
 h - a +0 short sword (weapon)
Missiles
 k - 27 sling bullets
Armour
 a - a +0 robe (worn)
 d - a +0 pair of boots (worn)
Scrolls
 f - 3 scrolls of identify {unknown}
 i - 2 scrolls of teleportation {unknown}
 n - a scroll of remove curse {unknown}
 o - a scroll of amnesia {unknown}
 p - a scroll of random uselessness {unknown}
Potions
 e - a potion of degeneration
Books
 b - a book of Air

   Spells                             Type                      Level
   a - Shock                          Conjuration/Air              1
   b - Swiftness                      Charms/Air                   2
   c - Static Discharge               Conjuration/Air              3
   d - Airstrike                      Air                          4
   e - Lightning Bolt                 Conjuration/Air              5
Comestibles
 c - a bread ration
 g - 4 fruits


   Skills:
 - Level 1.7 Dodging
 - Level 2.4 Stealth
 + Level 3.6 Spellcasting
 + Level 2.4 Conjurations
 + Level 3.4 Air Magic


You had 10 spell levels left.
You knew the following spells:

 Your Spells              Type           Power        Failure   Level  Hunger
a - Shock                 Conj/Air       ##..         10%         1    None


Dungeon Overview and Level Annotations

Branches:
Dungeon (4/15)
 Temple: D:4-7

Altars:
Ashenzari
Ru

Annotations:
D:4 M4edhros's ghost, novice OpAr


Innate Abilities, Weirdness & Mutations

You cannot be hasted, slowed, berserked, paralysed or teleported.
You can dig through walls and to a lower floor.
Your four strong arms can wield two-handed weapons with a shield.
You have a pair of large antennae on your head. (SInv)


Message History

M4edhros's ghost hits you!
* * * LOW HITPOINT WARNING * * *
M4edhros's ghost freezes you.
* * * LOW HITPOINT WARNING * * *
You climb upwards.
* * * LOW HITPOINT WARNING * * *
You feel sick.
There is a stone staircase leading down here.
There is a lethal amount of poison in your body!
* * * LOW HITPOINT WARNING * * *
You feel sick.
* * * LOW HITPOINT WARNING * * *
You feel sick.
* * * LOW HITPOINT WARNING * * *
You feel sick.
It was a potion of flight.
You feel very buoyant.
You fly up into the air.
It was a potion of magic.
Magic courses through your body.
You die...

###...............#..≈≈
..........####.....####
#.......# #.........
#.......# #.........
#.......# #.........
##.......# ##.#######
......#.#### #......#
#####.#.########......#
#..@..............+
#....#######......# #....#
#......#
#.##########......#
#.##..............#
#######.##.############...
#..^....##.# ...
####.#####.# ... #.# #.#
..


There were no monsters in sight!

Vanquished Creatures
  Natasha (D:2)
  2 worker ants
  2 adders (D:3)
  An ooze (D:1)
  An adder skeleton (D:4)
  2 worms
  9 orcs (D:3)
  A ball python (D:2)
  A giant cockroach (D:1)
  3 goblins
  2 hobgoblins (D:1)
  A jackal (D:2)
  4 kobolds
  A quokka (D:2)
  4 frilled lizards
  6 rats
41 creatures vanquished.

Notes
Turn   | Place    | Note
-------+----------+-------------------------------------------
     0 | D:1      | M4edhros the Formicid Air Elementalist began the quest for the Orb.
     0 | D:1      | Reached XP level 1. HP: 13/13 MP: 3/3
   269 | D:1      | Reached skill level 1 in Conjurations
   269 | D:1      | Reached XP level 2. HP: 14/19 MP: 0/5
   729 | D:2      | Noticed Natasha
   746 | D:2      | Killed Natasha
   746 | D:2      | Reached XP level 3. HP: 18/24 MP: 0/7
   846 | D:2      | Reached XP level 4. HP: 19/30 MP: 3/8
  1292 | D:3      | Found a sacrificial altar of Ru.
  1310 | D:3      | Reached XP level 5. HP: 16/35 MP: 4/10
  1444 | D:3      | Found a shattered altar of Ashenzari.
  1599 | D:4      | Noticed M4edhros's ghost (novice OpAr)
  1633 | D:3      | HP: 1/35 [poisoned by a worker ant]
  1637 | D:3      | Succumbed to a worker ant's poison

Vault maps used:
D:1:      dpeg_arrival_refuge, minmay_misc_feat_secret_circle,
          minmay_fountain_box
D:2:      kennysheep_generic_room_9, uniq_natasha
D:3:      ashenzari_altar_1, nicolae_ru_awakened_eye
D:4:      minmay_temple_entry_overgrown, first_bread

Skill      XL: |  1  2  3  4 |
---------------+-------------+-----
Conjurations   | 1 2 |  2.4
Air Magic      | 3 |  3.4
Spellcasting   | 3 |  3.6
Dodging        | |  1.7
Stealth        | |  2.4

Action                   |  1- 3 |  4- 6 || total
-------------------------+-------+-------++-------
Melee: Unarmed           |    20 |       ||    20
       Short sword       |    14 |    22 ||    36
 Cast: Shock             |    33 |    43 ||    76
  Use: Potion            |       |     5 ||     5
 Stab: Sleeping          |     1 |       ||     1
  Eat: Chunk             |       |     2 ||     2
Armor: Robe              |     5 |     6 ||    11
Dodge: Dodged            |    24 |    31 ||    55
